 Dungeon Crawl Stone Soup version 0.24.0-125-gc4c63601f3 (webtiles) character file.

Game seed: 6219193528632390539, levelgen mode: deterministic

1192 MegaHamster the Chopper (level 8, -1/72 HPs)
             Began as a Deep Dwarf Fighter on Mar 13, 2020.
             Was an Initiate of Qazlal.
             Slain by an eight-headed hydra (10 damage)
             ... on level 5 of the Dungeon.
             The game lasted 00:56:41 (5243 turns).

MegaHamster the Chopper (Deep Dwarf Fighter)        Turns: 5243, Time: 00:56:41

Health: -1/72      AC:  7    Str: 22    XL:     8   Next: 20%
Magic:  6/6        EV: 13    Int: 12    God:    Qazlal [......]
Gold:   256        SH: 10    Dex: 12    Spells: 7/7 levels left

rFire    . . .     SeeInvis .   a - +0 war axe
rCold    + . .     Gourm    .   c - +0 shield
rNeg     . . .     Faith    .   N - +0 ring mail {rC+}
rPois    .         Spirit   .   (no helmet)
rElec    .         Reflect  .   (no cloak)
rCorr    .         Harm     .   (no gloves)
MR       +....                  J - +0 pair of boots
Stlth    +.........             (no amulet)
HPRegen  0.00/turn              r - +3 ring of evasion
MPRegen  0.10/turn              Z - +3 ring of intelligence

@: non-regenerating
A: damage resistance, heal wounds, sense surroundings 1, no regeneration
a: Heal Wounds, Renounce Religion


You were on level 5 of the Dungeon.
You worshipped Qazlal.
Qazlal was noncommittal.
You were not hungry.

You visited 1 branch of the dungeon, and saw 6 of its levels.

You collected 256 gold pieces.

Inventory:

Hand Weapons
 a - a +0 war axe (weapon)
 M - a +0 whip of flaming
 Q - a +0 flail of protection
 S - a +0 war axe
Missiles
 j - 52 arrows
 o - 104 stones
 w - 31 poisoned darts (quivered)
 C - 7 boomerangs
 H - 54 sling bullets
 T - 32 bolts
Armour
 b - a +0 scale mail
 c - a +0 shield (worn)
 g - a +0 robe
 B - a +0 scale mail
 I - a +0 ring mail
 J - a +0 pair of boots (worn)
 L - a +0 ring mail
 N - a +0 ring mail of cold resistance (worn)
 P - a +0 helmet
 R - a +0 leather armour
 V - a +0 ring mail
 Y - a +1 leather armour of cold resistance
Jewellery
 r - a +3 ring of evasion (left hand)
 Z - a +3 ring of intelligence (right hand)
Wands
 O - a wand of polymorph (3)
 W - a wand of random effects (12)
Scrolls
 e - a scroll of fear {unknown}
 l - 7 scrolls of identify {unknown}
 y - 2 scrolls of enchant armour {unknown}
 z - 2 scrolls of fog {unknown}
 E - 2 scrolls of magic mapping {unknown}
 F - a scroll of immolation {unknown}
 U - a scroll of enchant weapon {unknown}
Potions
 d - a potion of might
 h - a potion of cancellation {unknown}
 k - 2 potions of flight {unknown}
 s - a potion of lignification {unknown}
 v - a potion of invisibility {unknown}
 G - a potion of magic {unknown}
Comestibles
 f - 8 rations


   Skills:
 + Level 4.1 Fighting
 + Level 6.8 Axes
 + Level 0.2 Throwing
 + Level 5.9 Armour
 + Level 3.5 Dodging
 + Level 0.7 Stealth
 + Level 5.4 Shields


You had 7 spell levels left.
You didn't know any spells.
Your spell library contained the following spells:

 Spells                   Type           Power        Failure   Level  Hunger
 Confusing Touch          Hex            #.....       87%         1    ##.....
 Corona                   Hex            #......      87%         1    ##.....
 Ensorcelled Hibernation  Hex/Ice        #.....       95%         2    ###....
 Confuse                  Hex            #.......     99%         3    ####...
 Dazzling Spray           Conj/Hex       #.....       99%         3    ####...
 Gell's Gravitas          Tloc           #.........   99%         3    ####...
 Tukima's Dance           Hex            #.......     99%         3    ####...
 Petrify                  Tmut/Erth      #.......     100%        4    #####..
 Metabolic Englaciation   Hex/Ice        #.........   100%        5    ######.
 Yara's Violent Unravell  Hex/Tmut       #.........   100%        5    ######.


Dungeon Overview and Level Annotations

Branches:
Dungeon (6/15)
 Temple: D:4-7

Altars:
Okawaru
Qazlal

Shops:
D:5 [


Innate Abilities, Weirdness & Mutations

You are resistant to damage.
You can heal yourself by infusing magical energy.
You passively map a small area around you.
You do not regenerate.


Message History

You block the eight-headed hydra's attack.
The eight-headed hydra closely misses you.
The eight-headed hydra bites you! x2
The eight-headed hydra barely misses you.
The eight-headed hydra bites you! The eight-headed hydra bites you.
* * * LOW HITPOINT WARNING * * *
The eight-headed hydra misses you.
There is a stone staircase leading up here.
The eight-headed hydra bites you but does no damage.
You block the eight-headed hydra's attack.
The eight-headed hydra closely misses you.
The eight-headed hydra bites you but does no damage. x2
The eight-headed hydra bites you!
* * * LOW HITPOINT WARNING * * *
The eight-headed hydra misses you. x2
You climb upwards.
There is a stone staircase leading down here.
Unknown command.
The eight-headed hydra misses you. The eight-headed hydra bites you!
You die...

....# ##.#.# #........# #. .####
#....# #........###.
.######...###########........##..
.##>.........#..........####....#
.##............####....##......##
.##...........## #.............##
....)..)......# #............)..
##...........#####.8.....##.∩....
##..........###@......####......
#............D.###..## #######
#...........##......#
###...............##.## ######
#..<...#.#######.###.# #.....
.......#.#######.###.# #.....
..................##.#######.....
.###.###.####..##................
## #.###.###..######....####.....


You could see an eight-headed hydra.

Vanquished Creatures
  Pikel (D:4)
  Edmund (D:4)
  Duvessa (D:5)
  Dowan (D:5)
  A scorpion (D:4)
  A howler monkey (D:3)
  2 hounds (D:5)
  A bullfrog skeleton (D:5)
  A jelly (D:5)
  3 worker ants
  2 hound zombies (D:5)
  2 worker ant zombies (D:5)
  A howler monkey skeleton (D:4)
  4 adders
  2 worms (D:2)
  2 dart slugs (D:2)
  4 leopard geckos
  5 ball pythons
  6 giant cockroaches
  7 goblins
  5 hobgoblins
  9 jackals
  11 kobolds
  A quokka (D:3)
  10 bats
  9 frilled lizards
  A leopard gecko skeleton (D:5)
  5 rats
  6 withered plants (D:5)
105 creatures vanquished.

Vanquished Creatures (others)
  A hound (D:4)
  An iguana (D:4)
  An adder (D:4)
  3 frilled lizards (D:4)
6 creatures vanquished.

Grand Total: 111 creatures vanquished

Notes
Turn   | Place    | Note
-------+----------+-------------------------------------------
     0 | D:1      | MegaHamster the Deep Dwarf Fighter began the quest for the
                  | Orb.
     0 | D:1      | Reached XP level 1. HP: 20/20 MP: 1/1
   219 | D:1      | Reached XP level 2. HP: 25/27 MP: 2/2
   974 | D:1      | Reached XP level 3. HP: 31/34 MP: 3/3
  1613 | D:2      | Reached skill level 3 in Axes
  1683 | D:2      | Reached XP level 4. HP: 32/42 MP: 4/4
  1858 | D:2      | Reached skill level 1 in Dodging
  2713 | D:3      | Found a stormy altar of Qazlal.
  2860 | D:3      | Became a worshipper of Qazlal Stormbringer
  3057 | D:3      | Reached XP level 5. HP: 41/49 MP: 5/5
  3219 | D:4      | Reached skill level 4 in Axes
  3334 | D:4      | Found an iron altar of Okawaru.
  3425 | D:4      | Noticed a slave
  3426 | D:4      | Noticed Pikel
  3426 | D:4      | Noticed a slave
  3426 | D:4      | Noticed a slave
  3455 | D:4      | Killed Pikel
  3455 | D:4      | Reached skill level 5 in Axes
  3455 | D:4      | Reached skill level 5 in Armour
  3455 | D:4      | Reached XP level 6. HP: 48/57 MP: 5/5
  3455 | D:4      | Reached XP level 7. HP: 54/63 MP: 6/6
  3909 | D:4      | Noticed Edmund
  3924 | D:4      | Killed Edmund
  3924 | D:4      | Reached skill level 6 in Axes
  4422 | D:5      | Entered Level 5 of the Dungeon
  4450 | D:5      | Found Fiqehimy's Armour Emporium.
  4491 | D:5      | Reached skill level 5 in Shields
  4588 | D:5      | Noticed Dowan
  4589 | D:5      | Noticed Duvessa
  4613 | D:5      | Killed Duvessa
  4613 | D:5      | Reached XP level 8. HP: 61/72 MP: 6/6
  4630 | D:5      | Killed Dowan
  5236 | D:6      | Noticed a seven-headed hydra
  5243 | D:5      | Slain by an eight-headed hydra

Levels and vault maps discovered:
D:1:      kennysheep_arrival_forest, layout_loops_corners
D:2:      layout_rooms
D:3:      layout_loops_ring, lemuel_coloured_pillars_altar, first_ration
D:4:      minmay_evil_eye, layout_basic, okawaru_ov_weapons_minmay, uniq_pikel,
          uniq_edmund
D:5:      layout_rooms, serial_shops, shop, serial_undead, serial_undead_e,
          serial_undead_a, serial_undead_e, serial_undead_f, uniq_duvessa
D:6:      kennysheep_spiral_hall, layout_gridville, good_gods_temple_1

Skill      XL: |  1  2  3  4  5  6  7 |
---------------+----------------------+-----
Fighting       | 3 4 |  4.1
Axes           | 3 5 6 |  6.8
Armour         | 4 5 |  5.9
Dodging        | 1 2 3 |  3.5
Shields        | 4 5 |  5.4
Throwing       | |  0.2
Stealth        | |  0.7

Action                   |  1- 3 |  4- 6 |  7- 9 || total
-------------------------+-------+-------+-------++-------
Melee: War axe           |   169 |   162 |   213 ||   544
Throw: Dart              |       |       |     3 ||     3
 Abil: Heal Wounds       |       |     3 |     2 ||     5
  Eat: Ration            |     1 |     1 |     2 ||     4
       Chunk             |       |     1 |       ||     1
Armor: Scale mail        |   102 |    73 |       ||   175
       Ring mail         |       |       |    35 ||    35
Dodge: Dodged            |    76 |    84 |    76 ||   236
Block: Shield            |   118 |    97 |    63 ||   278
